AoeStats
← ladhu2007

Black Forest

504525251Analyzed
4v4 RM · 26d ago on Sep 5, 2026· 88m 5s· 8 players
Game mode
Random Map
Map size
Large (8 player)
Population
200
Speed
Normal
Resources
Standard
Victory
Conquest
Starting age
Dark Age
Ending age
Imperial Age
RankedLock teamsTeams togetherTeam positionsShared explorationLock speedFull tech treeHidden civsTurbo modeCheats
Victory
Defeat
🇮🇳 Spanish · India
515
+13
🇨🇳 Khmer · China
325
+21
🇭🇰 Portuguese · Hong Kong SAR China
325
+21
🇨🇴 Byzantines · Colombia
299
+22
🇪🇸 Bulgarians · Spain
489
-21
🇫🇷 Koreans · France
478
-21
🇧🇷 Japanese · Brazil
397
-18
🇨🇴 Malians · Colombia
377
-17
B3rtox
13:00 Feudal Age
16:36 Horse Collar
20:37 Wheelbarrow
23:57 Castle Age
26:11 Hand Cart
30:43 Imperial Age
29:12 Treadmill Crane
33:37 Murder Holes
33:54 Fortified Wall
34:47 Chemistry
34:46 Conscription
35:44 Ballistics
37:52 Man-at-Arms
38:34 Squires
38:20 Arson
38:22 Gambesons
38:25 Long Swordsman
39:16 Double-Bit Axe
39:49 Gambesons
39:26 Long Swordsman
40:17 Gold Mining
40:18 Stone Mining
41:00 Bow Saw
40:43 Town Watch
40:51 Two-Handed Swordsman
42:13 Town Patrol
41:41 Champion
45:16 Scale Barding Armor
45:21 Forging
45:12 Scale Mail Armor
46:31 Two-Man Saw
46:57 Gold Shaft Mining
47:33 Stone Shaft Mining
47:40 Arrowslits
48:06 Fortified Wall
48:06 Masonry
48:56 Chain Barding Armor
49:11 Iron Casting
48:53 Chain Mail Armor
48:50 Eupseong
49:42 Heavy Plow
59:26 Elite War Wagon
63:26 Architecture
63:41 Plate Mail Armor
66:46 Fletching
67:06 Siege Engineers
71:26 Bodkin Arrow
71:59 Shinkichon
83:17 Pikeman
ladhu2007
0:36 Loom
12:02 Feudal Age
13:19 Wheelbarrow
14:23 Double-Bit Axe
20:47 Scale Barding Armor
23:45 Castle Age
21:43 Horse Collar
24:55 Bloodlines
24:59 Forging
24:52 Scale Mail Armor
25:12 Chain Barding Armor
25:43 Bow Saw
26:01 Heavy Plow
27:35 Hand Cart
34:04 Imperial Age
31:56 Masonry
32:17 Ballistics
33:37 Murder Holes
34:22 Iron Casting
34:02 Chain Mail Armor
33:30 Pikeman
34:33 Caravan
44:12 Plate Barding Armor
44:08 Plate Mail Armor
44:39 Blast Furnace
43:22 Elite Konnik
45:19 Architecture
45:43 Capped Ram
47:56 Devotion
49:19 Siege Engineers
48:41 Onager
52:50 Stirrups
56:20 Bagains
56:27 Bagains
61:00 Siege Onager
61:05 Siege Ram
Vivitch
0:40 Loom
17:23 Feudal Age
18:00 Horse Collar
18:12 Double-Bit Axe
20:29 Town Watch
20:55 Gold Mining
22:32 Scale Mail Armor
22:34 Padded Archer Armor
24:41 Wheelbarrow
28:10 Stone Mining
36:19 Castle Age
35:08 Man-at-Arms
35:35 Arson
37:18 Hand Cart
37:25 Chain Mail Armor
37:30 Heavy Plow
39:11 Atonement
39:22 Fervor
39:15 Devotion
39:36 Sanctity
39:27 Redemption
39:58 Gold Shaft Mining
43:48 Stone Shaft Mining
45:24 Town Patrol
46:15 Leather Archer Armor
45:52 Fletching
46:06 Long Swordsman
49:02 Scale Barding Armor
49:08 Forging
48:54 Bodkin Arrow
50:31 Squires
49:53 Pikeman
52:07 Husbandry
52:18 Bloodlines
51:29 Light Cavalry
56:48 Imperial Age
58:25 Plate Mail Armor
58:17 Chain Barding Armor
58:33 Iron Casting
60:29 Heavy Cavalry Archer
60:30 Elite Skirmisher
61:18 Thumb Ring
63:48 Crop Rotation
69:31 Plate Barding Armor
72:43 Guard Tower
76:08 Faith
76:25 Theocracy
76:08 Block Printing
75:49 Herbal Medicine
81:55 Ring Archer Armor
Coronel Calcinha
13:30 Feudal Age
18:27 Stone Mining
19:30 Double-Bit Axe
19:38 Gold Mining
26:11 Castle Age
24:22 Man-at-Arms
25:15 Bloodlines
26:27 Arson
29:20 Horse Collar
33:53 Bow Saw
37:27 Imperial Age
35:47 Husbandry
37:19 Gold Shaft Mining
38:08 Heavy Plow
37:47 Long Swordsman
37:48 Pikeman
39:57 Scale Barding Armor
39:54 Padded Archer Armor
39:55 Scale Mail Armor
40:05 Forging
39:46 Fletching
39:32 Crossbowman
40:49 Parthian Tactics
40:36 Thumb Ring
39:58 Elite Skirmisher
41:40 Arbalester
44:15 Elite Samurai
44:58 Two-Handed Swordsman
45:41 Squires
45:27 Gambesons
45:52 Loom
46:25 Champion
48:11 Heavy Cavalry Archer
49:15 Cavalier
3391171610
4:11 Loom
10:27 Feudal Age
19:28 Castle Age
22:27 Horse Collar
23:34 Double-Bit Axe
24:52 Bow Saw
25:30 Heavy Plow
30:14 Forging
30:06 Scale Mail Armor
30:54 Wheelbarrow
31:04 Gold Mining
31:28 Stone Mining
32:15 Gold Shaft Mining
32:53 Stone Shaft Mining
33:08 Iron Casting
33:42 Hand Cart
34:39 Chain Mail Armor
40:43 Imperial Age
41:09 Elite Ballista Elephant
42:29 Hoardings
42:00 Tusk Swords
42:26 Conscription
43:05 Crop Rotation
43:26 Coinage
43:52 Double Crossbow
45:24 Blast Furnace
44:37 Padded Archer Armor
44:30 Fletching
45:12 Onager
47:54 Coinage
51:54 Ballistics
52:40 Chemistry
51:52 Fortified Wall
51:56 Masonry
53:32 Banking
53:02 Caravan
55:38 Bodkin Arrow
55:59 Leather Archer Armor
56:22 Architecture
56:07 Siege Engineers
68:46 Heavy Scorpion
79:52 Light Cavalry
80:43 Bloodlines
80:33 Husbandry
79:54 Cavalier
79:55 Elite Battle Elephant
81:16 Hussar
81:23 Pikeman
81:24 Man-at-Arms
81:50 Arson
82:09 Halberdier
82:10 Long Swordsman
83:18 Two-Handed Swordsman
2519544242
0:51 Loom
12:57 Feudal Age
14:14 Wheelbarrow
13:22 Horse Collar
14:43 Double-Bit Axe
18:56 Town Watch
19:19 Stone Mining
19:20 Gold Mining
24:37 Forging
24:27 Scale Mail Armor
24:33 Scale Barding Armor
24:20 Fletching
24:31 Padded Archer Armor
27:16 Gold Mining
29:47 Castle Age
31:03 Hand Cart
30:48 Pikeman
31:16 Gambesons
31:17 Arson
32:06 Caravan
35:46 Coinage
37:30 Iron Casting
37:11 Chain Mail Armor
37:17 Chain Barding Armor
36:52 Bodkin Arrow
43:20 Imperial Age
41:23 Light Cavalry
42:15 Bloodlines
42:06 Husbandry
42:56 Town Patrol
45:13 Stone Shaft Mining
44:44 Heavy Plow
44:57 Bow Saw
47:06 Blast Furnace
46:36 Plate Mail Armor
46:42 Plate Barding Armor
46:22 Leather Archer Armor
49:09 Elite Organ Gun
49:57 Arquebus
49:58 Circumnavigation
51:31 Conscription
51:14 Cavalier
54:25 Crop Rotation
55:00 Two-Man Saw
59:27 Halberdier
60:20 Bracer
60:50 Ring Archer Armor
67:06 Man-at-Arms
70:18 Long Swordsman
83:16 Ballistics
84:02 Chemistry
83:20 Siege Engineers
83:14 Treadmill Crane
84:41 Elite Skirmisher
84:41 Crossbowman
85:28 Thumb Ring
JUALIOPO3107399
1:36 Loom
16:05 Feudal Age
17:55 Wheelbarrow
18:10 Wheelbarrow
17:20 Horse Collar
17:32 Double-Bit Axe
20:06 Forging
20:51 Scale Mail Armor
23:42 Man-at-Arms
24:12 Arson
24:37 Scale Barding Armor
24:28 Gold Mining
25:00 Fletching
25:29 Padded Archer Armor
30:18 Castle Age
29:28 Stone Mining
32:29 Heavy Plow
32:47 Bow Saw
34:29 Light Cavalry
34:38 Long Swordsman
35:58 Iron Casting
36:58 Gold Shaft Mining
36:45 Chain Mail Armor
35:53 Pikeman
36:37 Squires
36:26 Gambesons
36:05 Crossbowman
36:53 Thumb Ring
38:28 Husbandry
39:30 Chain Barding Armor
39:47 Hand Cart
39:29 Guard Tower
41:50 Fortified Wall
42:28 Bodkin Arrow
42:49 Leather Archer Armor
44:39 Ballistics
45:03 Stone Shaft Mining
44:09 Elite Skirmisher
45:02 Greek Fire
47:22 Siphons
53:04 Imperial Age
55:32 Elite Cataphract
58:57 Two-Man Saw
57:51 Halberdier
57:55 Two-Handed Swordsman
59:43 Hussar
63:13 Plate Mail Armor
63:46 Crop Rotation
64:40 Arbalester
66:04 Plate Barding Armor
66:43 Champion
69:35 Treadmill Crane
73:58 Bracer
74:28 Ring Archer Armor
82:14 Arrowslits
Sukshi macchli
0:42 Loom
14:51 Feudal Age
16:35 Wheelbarrow
15:47 Double-Bit Axe
17:41 Town Watch
17:38 Horse Collar
17:50 Gold Mining
17:52 Stone Mining
24:38 Castle Age
26:40 Stone Shaft Mining
27:20 Bow Saw
28:50 Hand Cart
28:53 Town Patrol
30:35 Fletching
30:45 Padded Archer Armor
32:04 Caravan
32:53 Coinage
33:46 Heavy Plow
40:34 Imperial Age
38:39 Masonry
40:02 Murder Holes
40:22 Fortified Wall
40:28 Forging
40:23 Scale Barding Armor
40:17 Bodkin Arrow
41:57 Banking
41:38 Guilds
41:18 Capped Ram
42:44 Conscription
43:44 Two-Man Saw
43:17 Bloodlines
46:13 Chemistry
44:59 Arrowslits
45:45 Architecture
46:50 Siege Ram
52:00 Elite Conquistador
53:30 Cavalier
54:12 Husbandry
54:50 Iron Casting
54:36 Chain Barding Armor
54:17 Bracer
54:35 Leather Archer Armor
54:20 Scale Mail Armor
55:56 Thumb Ring
55:47 Elite Skirmisher
55:49 Heavy Cavalry Archer
57:43 Ring Archer Armor
57:50 Plate Barding Armor
58:16 Blast Furnace
58:02 Hoardings
57:23 Man-at-Arms
57:28 Pikeman
58:08 Squires
57:54 Arson
69:17 Paladin
72:46 Chain Mail Armor
Connection lost

Rejoining the realm…

Still unreachable

The connection could not be restored.

Session expired

The server has moved on; the page needs a fresh start.